 Dungeon Crawl Stone Soup version 0.24.0-37-gcf1ca852f1 (webtiles) character file.

Game seed: 9147091002955038596, levelgen mode: deterministic

119002 Goreval the Severer (level 16, -6/150 HPs)
             Began as a Hill Orc Monk on Dec 9, 2019.
             Was the Champion of Beogh.
             Mangled by an 11-headed hydra (10 damage)
             ... on level 4 of the Swamp.
             The game lasted 01:40:23 (37699 turns).

Goreval the Severer (Hill Orc Monk)                Turns: 37699, Time: 01:40:23

Health: -6/150     AC: 22    Str: 23    XL:     16   Next: 78%
Magic:  30/35      EV: 13    Int: 14    God:    Beogh [******]
Gold:   1962       SH:  8    Dex: 21    Spells: 15/15 levels left

rFire    + . .     SeeInvis +   H - +7 war axe "Listeami" {chop, Fragile MP+9 Int+4}
rCold    + . .     Gourm    .   n - +1 buckler {rN+}
rNeg     + . .     Faith    +   D - +2 chain mail {rF+}
rPois    +         Spirit   .   Z - +2 hat
rElec    .         Reflect  .   u - scarf {repulsion}
rCorr    +         Harm     .   w - +2 pair of gloves
MR       +....                  a - +0 pair of boots of Voafitzu {+Inv Dex+4} (curse)
Stlth    ..........             V - amulet of Abstinence {Faith Dex+4}
HPRegen  0.35/turn              i - ring "Houmn" {rPois rC+ Str+2 SInv}
MPRegen  0.24/turn              v - ring of resist corrosion

@: studying Dodging, repel missiles
A: walk on water
a: Smiting, Recall Orcish Followers, Give Item to Named Follower, Resurrection,
Renounce Religion, Evoke Invisibility


You were on level 4 of the Swamp.
You worshipped Beogh.
Beogh was exalted by your worship.
You were not hungry.

You visited 5 branches of the dungeon, and saw 28 of its levels.
You also visited: Bailey and Volcano.

You collected 2847 gold pieces.
You spent 885 gold pieces at shops.

Inventory:

Hand Weapons
 H - the +7 war axe "Listeami" (weapon) {chop, Fragile MP+9 Int+4}
   (You bought it in a shop on level 2 of the Orcish Mines)

   It inflicts extra damage upon your enemies.
   It affects your intelligence (+4).
   It affects your magic capacity (+9).
   It will be destroyed if unequipped.
 K - a +4 broad axe of flaming
 Q - a +2 hand axe of freezing
Missiles
 g - 822 stones (quivered)
 z - a throwing net
Armour
 a - the cursed +0 pair of boots of Voafitzu (worn) {+Inv Dex+4}
   (You found it on level 15 of the Dungeon)

   It affects your dexterity (+4).
   It lets you turn invisible.
   It has a curse placed upon it.
 n - a +1 buckler of positive energy (worn)
 u - a scarf of repulsion (worn)
 w - a +2 pair of gloves (worn)
 D - a +2 chain mail of fire resistance (worn)
 Z - a +2 hat (worn)
Jewellery
 i - the ring "Houmn" (left hand) {rPois rC+ Str+2 SInv}
   (You bought it in a shop on level 4 of the Dungeon)

   [ring of see invisible]

   It affects your strength (+2).
   It protects you from cold.
   It protects you from poison.
   It lets you see invisible.
 v - a ring of resist corrosion (right hand)
 x - an uncursed ring of protection from fire
 E - an uncursed ring of protection from cold
 P - an uncursed ring of fire
 R - a +4 ring of strength
 V - the amulet of Abstinence (around neck) {Faith Dex+4}
   (You acquired it on level 12 of the Dungeon)

   [amulet of faith]

   It allows you to gain divine favour quickly.
   It affects your dexterity (+4).
Wands
 r - a wand of paralysis (51)
 A - a wand of enslavement (20)
 F - a wand of disintegration (10)
 I - a wand of digging (11)
 O - a wand of polymorph (24)
Scrolls
 b - 5 scrolls of immolation
 h - 3 scrolls of fear
 l - 6 scrolls of blinking
 m - 5 scrolls of magic mapping
 o - 16 scrolls of teleportation
 s - 5 scrolls of amnesia
 y - 3 scrolls of enchant armour
 B - 13 scrolls of remove curse
 G - 7 scrolls of fog
 M - 6 scrolls of identify
 U - 2 scrolls of acquirement
 X - a scroll of enchant weapon
Potions
 d - 2 potions of might
 e - 3 potions of brilliance
 f - a potion of lignification
 j - 2 potions of magic
 k - 2 potions of agility
 p - 6 potions of haste
 q - 2 potions of berserk rage
 t - 6 potions of flight
 C - 2 potions of cancellation
 J - 2 potions of invisibility
 N - a potion of mutation
 S - a potion of ambrosia
 T - 3 potions of curing
 W - 2 potions of heal wounds
 Y - a potion of resistance
Books
 L - a manual of Dodging
Comestibles
 c - 52 rations


   Skills:
 * Level 15.6 Fighting
 + Level 20.0 Axes
 + Level 13.5 Armour
 + Level 6.7 Dodging
 - Level 1.5 Stealth
 - Level 8.7 Shields
 + Level 14.1 Invocations
 + Level 8.1 Evocations


You had 15 spell levels left.
You didn't know any spells.
Your spell library contained the following spells:

 Spells                   Type           Power        Failure   Level  Hunger
 Beastly Appendage        Tmut           #.....       80%         1    ##.....
 Corona                   Hex            #......      80%         1    ##.....
 Freeze                   Ice            #...         80%         1    ##.....
 Infusion                 Chrm           #...         80%         1    ##.....
 Magic Dart               Conj           #...         80%         1    ##.....
 Sandblast                Erth           #.....       80%         1    ##.....
 Summon Butterflies       Summ           #.......     80%         1    ##.....
 Ensorcelled Hibernation  Hex/Ice        #.....       90%         2    ###....
 Passwall                 Tmut/Erth      #.......     90%         2    ###....
 Searing Ray              Conj           #.....       90%         2    ###....
 Shroud of Golubria       Chrm/Tloc      #.....       90%         2    ###....
 Slow                     Hex            #.......     90%         2    ###....
 Song of Slaying          Chrm           #.......     90%         2    ###....
 Sticks to Snakes         Tmut           #.......     90%         2    ###....
 Throw Frost              Conj/Ice       #.....       90%         2    ###....
 Call Canine Familiar     Summ           #.......     99%         3    ####...
 Confuse                  Hex            #.......     99%         3    ####...
 Dazzling Spray           Conj/Hex       #.....       99%         3    ####...
 Inner Flame              Hex/Fire       #.......     99%         3    ####...
 Ozocubu's Armour         Chrm/Ice       #.......     99%         3    ####...
 Portal Projectile        Hex/Tloc       #.....       99%         3    ####...
 Regeneration             Chrm/Necr      #.........   99%         3    ####...
 Spectral Weapon          Hex/Chrm       #.......     99%         3    ####...
 Spider Form              Tmut/Pois      #.........   99%         3    ####...
 Stone Arrow              Conj/Erth      #.....       99%         3    ####...
 Tukima's Dance           Hex            #.......     99%         3    ####...
 Cause Fear               Hex            #.........   100%        4    #####..
 Force Lance              Conj/Tloc      #.......     100%        4    #####..
 Fulminant Prism          Conj/Hex       #.........   100%        4    #####..
 Ice Form                 Ice/Tmut       #.......     100%        4    #####..
 Iskenderun's Mystic Bla  Conj           #.......     100%        4    #####..
 Leda's Liquefaction      Hex/Erth       #.........   100%        4    #####..
 Petrify                  Tmut/Erth      #.......     100%        4    #####..
 Summon Ice Beast         Ice/Summ       #.......     100%        4    #####..
 Throw Icicle             Conj/Ice       #.......     100%        4    #####..
 Blade Hands              Tmut           #.........   100%        5    ######.
 Bolt of Magma            Conj/Fire/Erth #.........   100%        5    ######.
 Iskenderun's Battlesphe  Conj/Chrm      #.......     100%        5    ######.
 Lee's Rapid Deconstruct  Erth           #.........   100%        5    ######.
 Summon Mana Viper        Hex/Summ       #.......     100%        5    ######.
 Venom Bolt               Conj/Pois      #.........   100%        5    ######.
 Iron Shot                Conj/Erth      #.........   100%        6    #######
 Statue Form              Tmut/Erth      #........    100%        6    #######
 Orb of Destruction       Conj           #.........   100%        7    #######
 Spellforged Servitor     Conj/Summ      #.........   100%        7    #######
 Summon Hydra             Summ           #.........   100%        7    #######
 Shatter                  Erth           #.........   100%        9    #######


Dungeon Overview and Level Annotations

Branches:
Dungeon (15/15)            Temple (0/1) D:5            Lair (6/6) D:10
  Swamp (4/4) Lair:3       Spider (0/4) Lair:2        Slime (0/5) Lair:5
    Orc (2/2) D:12            Elf (1/3) Orc:2        Vaults (0/5) D:14
 Depths (0/5) D:15         Bailey (visited)         Volcano (visited)

Altars:
Dithmenos
Elyvilon
Gozag
Okawaru
Trog
Vehumet
Yredelemnul
Zin
Beogh
Jiyva

Shops:
D:4 :*=:%   D:7 [   D:9 (   Orc:2 (**%

Annotations:
D:6 2 transporters, Froggeryz's ghost, novice NaIE
D:9 3 runed translucent doors, Delamore's ghost, novice HOFi; LSt's ghost, novice DrTm; VPR's ghost, novice MiBe; flt's ghost, novice TrFi; happy's ghost, novice VSAs
D:11 2 transporters, ciphuk's ghost, journeyman NaFi
Lair:2 exclusion: oklob plant
Lair:5 exclusion: 2 oklob plants


Message History

The ten-headed hydra misses you. The ten-headed hydra bites you!
* * * LOW HITPOINT WARNING * * *
The ten-headed hydra bites you but does no damage. x4
The ten-headed hydra closely misses you. x2
The ten-headed hydra bites you.
* * * LOW HITPOINT WARNING * * *
Olfrun barely misses the ten-headed hydra.
Saint Roka roars a battlecry!
Your orc knight goes into a battle-frenzy!
You hear a deafening roar!
You hear a roar!
You chop one of the ten-headed hydra's heads off!
The nine-headed hydra grows two more!
You slash the 11-headed hydra!
The briar patch crumbles away.
The 11-headed hydra bites you but does no damage. x6
The 11-headed hydra bites you!!
* * * LOW HITPOINT WARNING * * *
The 11-headed hydra bites you.
* * * LOW HITPOINT WARNING * * *
The 11-headed hydra barely misses you. The 11-headed hydra bites you!
You die...

♣... #♣... ≈ $k
#♣≈≈P. .. #.. #.P.≈
≈.. #.. ##♣.≈§♣
≈.≈♣
#.##.≈≈o.♣♣♣..%≈♣
.≈.≈.≈≈§...≈≈≈≈≈≈
♣w.≈D≈.≈†≈≈≈≈≈≈ .
♣♣≈≈)@≈.o≈≈§≈≈.
..♣♣ ♣≈.≈≈≈≈....≈≈.
....≈♣.≈o≈≈≈≈..≈...
..≈≈.≈≈≈.≈§≈≈≈..≈≈≈
♣≈§≈≈≈≈<≈.≈≈..≈≈..≈
§.≈≈≈t.≈♣≈≈..♣≈≈..≈
♣≈≈≈≈.♣♣♣♣♣♣.≈.♣♣♣.
♣≈≈≈≈. .≈≈♣ ♣.≈≈≈.
♣♣


You could see an alligator, a 11-headed hydra, a tyrant leech, the friendly
Saint Roka, the friendly Olfrun the orc warlord and a friendly orc knight.

Vanquished Creatures
  A thorn hunter (Swamp:3)
  An ironheart preserver (D:14)
  A fire dragon (D:15)
  11 hydras
  A shambling mangrove (Swamp:3)
  An ice dragon (D:15)
  A catoblepas (Lair:6)
  3 centaur warriors
  5 two-headed ogres
  Erica (D:8)
  An ogre mage (Orc:2)
  A death knight (D:13)
  4 alligators
  3 death yaks (Lair:6)
  3 spriggans
  A salamander mystic (Volcano)
  A hell knight (Volcano)
  A deep troll (Orc:2)
  A skeletal warrior (D:13)
  A swamp dragon (Swamp:3)
  2 unseen horrors
  A wizard (D:14)
  A spriggan druid (Swamp:3)
  An orc knight (Bailey)
  An orb spider (shapeshifter) (D:15)
  A wolf spider zombie (D:14)
  Pikel (D:9)
  A deep elf mage (D:15)
  3 manticores
  9 ugly things
  5 salamanders (Volcano)
  2 cyclopes
  2 black mambas
  2 molten gargoyles
  Maurice (Orc:2)
  3 elephants (Lair:6)
  A gargoyle (D:13)
  14 spiny frogs
  A centaur skeleton (D:13)
  3 yaktaurs (D:10)
  2 rime drakes
  4 komodo dragons
  2 meliai (D:15)
  A tengu conjurer (D:14)
  8 trolls
  5 tyrant leeches
  8 hornets
  A polar bear (Lair:3)
  4 bog bodies
  4 dream sheep
  16 blink frogs
  2 hippogriffs
  3 slime creatures (Swamp:1)
  5 shadows
  3 wraiths
  4 wyverns
  7 fire bats (Volcano)
  24 yaks
  2 basilisks
  2 hungry ghosts (D:10)
  4 wargs
  A soldier ant (D:13)
  16 vampire mosquitoes
  12 swamp worms
  2 insubstantial wisps (Swamp:2)
  5 water moccasins
  7 swamp drakes
  6 porcupines
  4 ice beasts
  4 sky beasts
  A hornet zombie (D:13)
  14 orc warriors
  4 phantoms
  A black bear (D:11)
  An eye of draining (D:11)
  7 centaurs
  6 necrophages
  28 ogres
  3 wolves
  5 big kobolds
  12 crocodiles
  Blork the orc (D:5)
  12 bullfrogs
  A gnoll sergeant (D:7)
  3 scorpions
  4 wyvern skeletons
  4 killer bees
  3 howler monkeys
  4 wights
  2 electric eels (Lair:4)
  3 crimson imps
  3 centaur zombies
  2 jellies
  7 lava snakes
  6 hounds
  3 gnoll shamans
  4 orc priests
  2 bullfrog skeletons
  6 iguanas
  Ijyb (D:5)
  12 orc wizards
  8 worker ants
  A hound skeleton (D:7)
  2 mummies (D:7)
  2 worker ant zombies
  14 adders
  41 gnolls
  6 shadow imps
  An adder skeleton (D:5)
  2 adder zombies
  2 worms
  5 dart slugs
  5 leopard geckos
  13 orcs
  5 giant cockroaches
  2 gnoll zombies (D:5)
  5 goblins
  2 hobgoblins
  38 jackals
  14 kobolds
  7 quokkas
  2 ball pythons
  11 bats
  4 frilled lizards
  6 rats
  2 fungi (Lair:5)
  A plant (Lair:6)
632 creatures vanquished.

Vanquished Creatures (collateral kills)
  3 thorn hunters
  The ghost of Maimakterion the Bludgeoner, a journeyman GrFi of Cheibriados (Orc:1)
  Nessos (D:12)
  2 orc knights (Swamp:1)
  8 hydras
  3 centaur warriors (D:15)
  Erolcha (D:9)
  5 alligators
  2 death yaks (Lair:6)
  8 two-headed ogres
  3 catoblepae
  An ogre mage (Orc:2)
  Sonja (D:11)
  An iron troll (Orc:1)
  2 unseen horrors
  A spriggan druid (Swamp:4)
  A swamp dragon (Swamp:3)
  A deep elf mage (D:15)
  2 cyclopes
  3 slime creatures
  2 manticores
  12 ugly things
  2 elephants (Lair:6)
  A black mamba (Lair:6)
  A torpor snail (Lair:3)
  12 spiny frogs
  2 centaur skeletons
  7 komodo dragons
  An efreet (D:15)
  A freezing wraith (D:13)
  A kobold demonologist (D:15)
  5 trolls (Orc:2)
  A meliai (D:15)
  2 hornets
  15 blink frogs
  3 tyrant leeches (Swamp:2)
  4 hippogriffs
  6 bog bodies
  A shadow (D:14)
  2 wyverns
  A spriggan (Swamp:3)
  A wraith (D:10)
  15 yaks
  A basilisk (Lair:6)
  6 vampire mosquitoes
  2 swamp worms (Swamp:1)
  An insubstantial wisp (Swamp:2)
  A soldier ant (D:14)
  An acid dragon (D:13)
  5 water moccasins
  3 porcupines
  An ice beast (D:10)
  A sky beast (D:8)
  3 swamp drakes
  A slave (D:9)
  3 orc warriors (Bailey)
  2 necrophages (Lair:3)
  2 centaurs (D:10)
  A phantom (D:11)
  11 ogres
  2 wolves (Lair:1)
  A big kobold (D:15)
  7 crocodiles
  5 bullfrogs
  A gnoll sergeant (Orc:1)
  3 killer bees
  2 wights (D:10)
  3 howler monkeys
  3 crimson imps
  A bullfrog zombie (D:9)
  2 orc priests (D:9)
  A hound (D:10)
  2 orc wizards
  An iguana (D:8)
  2 worker ants
  A hound skeleton (D:10)
  A howler monkey zombie (D:10)
  2 adders
  A shadow imp (D:7)
  8 orcs
  A goblin (D:12)
  A jackal (D:7)
  A kobold (D:15)
  A leopard gecko zombie (D:8)
  2 briar patches (Swamp:1)
  2 fungi
  8 plants
258 creatures vanquished.

Vanquished Creatures (others)
  A hydra (Swamp:3)
  An orc high priest (Orc:2)
  An unseen horror (D:8)
  3 orc knights
  An orc sorcerer (Orc:2)
  A redback simulacrum (D:14)
  7 orc warriors
  A slave (D:9)
  6 orc wizards
  6 orc priests
  37 orcs
  A briar patch (Swamp:4)
  2 fungi
  17 plants
85 creatures vanquished.

Grand Total: 975 creatures vanquished

Notes
Turn   | Place    | Note
-------+----------+-------------------------------------------
     0 | D:1      | Goreval the Hill Orc Monk began the quest for the Orb.
     0 | D:1      | Reached XP level 1. HP: 19/19 MP: 1/1
   182 | D:1      | Reached XP level 2. HP: 27/27 MP: 2/2
  1330 | D:2      | Reached skill level 5 in Axes
  1330 | D:2      | Reached XP level 3. HP: 31/33 MP: 3/3
  1380 | D:2      | Reached skill level 1 in Armour
  1689 | D:2      | Reached XP level 4. HP: 40/40 MP: 4/4
  1964 | D:2      | Found a radiant altar of Vehumet.
  2395 | D:3      | Reached XP level 5. HP: 46/47 MP: 5/5
  2414 | D:3      | Noticed an ogre
  2423 | D:3      | Killed an ogre
  2423 | D:3      | Reached skill level 6 in Axes
  2820 | D:3      | Reached XP level 6. HP: 55/55 MP: 6/6
  3687 | D:2      | Reached skill level 5 in Fighting
  3824 | D:3      | Reached skill level 7 in Axes
  4114 | D:3      | Reached XP level 7. HP: 27/61 MP: 7/7
  4702 | D:3      | Reached skill level 5 in Armour
  4738 | D:3      | Reached skill level 8 in Axes
  4941 | D:5      | Entered Level 5 of the Dungeon
  4956 | D:4      | Found Ocul's Food Emporium.
  5063 | D:4      | Found Inaf's Book Shoppe.
  5176 | D:4      | Found a shadowy altar of Dithmenos.
  5224 | D:4      | Reached XP level 8. HP: 70/70 MP: 8/8
  5494 | D:4      | Found Ytwyof's Jewellery Shop.
  5528 | D:4      | Found Eschalekk's General Store.
  5532 | D:4      | Bought a scroll of identify for 22 gold pieces
  5537 | D:4      | Found an opulent altar of Gozag.
  5538 | D:4      | Found a glowing silver altar of Zin.
  5573 | D:4      | Found Unucsi's Book Emporium.
  5794 | D:5      | Noticed Blork the orc
  5831 | D:5      | Killed Blork the orc
  5831 | D:5      | Reached skill level 9 in Axes
  5951 | D:5      | Found a basalt altar of Yredelemnul.
  6044 | D:5      | Became a worshipper of Beogh the Brigand
  6044 | D:5      | Reached * piety under Beogh
  6044 | D:5      | Reached ** piety under Beogh
  6436 | D:5      | Found a staircase to the Ecumenical Temple.
  6443 | D:5      | Got a translucent trident
  6498 | D:5      | Found a white marble altar of Elyvilon.
  6625 | D:5      | Found a bloodstained altar of Trog.
  6627 | D:5      | Noticed Ijyb
  6636 | D:5      | Killed Ijyb
  6708 | D:6      | Found a transporter.
  6727 | D:6      | Reached skill level 1 in Invocations
  6733 | D:6      | Reached skill level 10 in Axes
  6738 | D:6      | Reached XP level 9. HP: 63/78 MP: 8/10
  6816 | D:6      | Found a transporter.
  6816 | D:6      | Noticed Froggeryz's ghost (novice NaIE)
  7034 | D:6      | Reached skill level 1 in Shields
  7079 | D:6      | Reached *** piety under Beogh
  7398 | D:7      | Identified the +5 trident of Responsibility {elec, -Tele
                  | Str+6 Int+3 Stlth+} (You found it on level 5 of the
                  | Dungeon)
  7883 | D:7      | Reached skill level 11 in Axes
  8683 | D:7      | Reached XP level 10. HP: 71/87 MP: 13/13
  8747 | D:7      | Found Zimi's Antique Armour Boutique.
  8757 | D:7      | Bought a pair of glowing boots for 165 gold pieces
  9058 | D:7      | Reached **** piety under Beogh
  9536 | D:8      | Reached skill level 5 in Shields
  9536 | D:8      | Reached skill level 5 in Invocations
 10279 | D:8      | Reached skill level 12 in Axes
 10300 | D:8      | Noticed Erica
 10306 | D:8      | Killed an unseen horror
 10333 | D:8      | Killed Erica
 11006 | D:9      | Found an iron altar of Okawaru.
 11055 | D:9      | Noticed Erolcha
 11068 | D:9      | Killed Erolcha
 11463 | D:9      | Found Eruodut's Weapon Shoppe.
 11498 | D:9      | Gained Gorbash as an ally
 11514 | D:9      | Noticed Pikel
 11525 | D:9      | Killed Pikel
 11525 | D:9      | Reached XP level 11. HP: 78/97 MP: 15/15
 11627 | D:9      | Noticed a two-headed ogre
 11637 | D:9      | Killed a two-headed ogre
 11637 | D:9      | Reached skill level 13 in Axes
 11938 | D:9      | Found a runed translucent gate.
 11938 | D:9      | Found a runed translucent gate.
 11939 | D:9      | Found a runed translucent gate.
 11940 | D:9      | Noticed flt's ghost (novice TrFi)
 11940 | D:9      | Noticed VPR's ghost (novice MiBe)
 11940 | D:9      | Noticed LSt's ghost (novice DrTm)
 11940 | D:9      | Noticed Delamore's ghost (novice HOFi)
 11940 | D:9      | Noticed happy's ghost (novice VSAs)
 12071 | D:10     | Entered Level 10 of the Dungeon
 12190 | D:10     | Found a staircase to the Lair.
 12637 | D:10     | Paralysed by a hornet for 3 turns
 12938 | D:10     | Killed an unseen horror
 13276 | D:10     | Noticed a two-headed hydra
 13289 | D:10     | Killed a one-headed hydra
 13289 | D:10     | Reached skill level 14 in Axes
 13773 | D:10     | Reached ***** piety under Beogh
 14028 | D:11     | Noticed a cyclops
 14040 | D:11     | Killed a cyclops
 14040 | D:11     | Reached skill level 10 in Fighting
 14276 | D:11     | Noticed a two-headed ogre
 14284 | D:11     | Killed a two-headed ogre
 14444 | D:11     | Killed an unseen horror
 14444 | D:11     | Reached XP level 12. HP: 93/106 MP: 0/18
 14567 | D:11     | Noticed a two-headed ogre
 14579 | D:11     | Killed a two-headed ogre
 14613 | D:12     | Your ally Gorbash died
 14629 | D:12     | Reached skill level 10 in Armour
 14770 | D:12     | Noticed Nessos
 14791 | D:12     | Killed Nessos
 14791 | D:12     | Reached skill level 15 in Axes
 15056 | D:12     | Found a flagged portal.
 15064 | Bailey   | Entered a bailey
 16070 | D:11     | Gained Orgrim as an ally
 16418 | D:11     | Noticed ciphuk's ghost (journeyman NaFi)
 16423 | D:11     | Identified the +4 trident "Foasch" {antimagic, *Noise
                  | +Blink Str+8 Stlth+}
 16423 | D:11     | Noticed a tengu warrior
 16426 | D:11     | Found a bloodstained altar of Trog.
 16428 | D:11     | Identified the +6 dire flail "Kaihi" {antimagic, Str+2}
 16428 | D:11     | Noticed a two-headed ogre
 16452 | D:11     | Found a transporter.
 16455 | D:11     | Found a transporter.
 16794 | D:11     | Noticed a catoblepas
 16806 | D:11     | Killed a catoblepas
 17038 | D:11     | Noticed Sonja
 17044 | D:11     | Killed Sonja
 17298 | D:11     | Got a shadowed robe
 17383 | Lair:1   | Entered Level 1 of the Lair of Beasts
 17649 | Lair:1   | Noticed an eight-headed hydra
 17657 | Lair:1   | Killed a four-headed hydra
 18430 | Lair:2   | Reached skill level 16 in Axes
 18526 | Lair:2   | Reached XP level 13. HP: 105/116 MP: 20/20
 18599 | Lair:2   | Found a hole to the Spider Nest.
 18633 | Lair:2   | Reached skill level 10 in Invocations
 18633 | Lair:2   | Gained Olfrun as an ally
 18642 | Lair:2   | Reached skill level 1 in Evocations
 19678 | Lair:3   | Found a staircase to the Swamp.
 19753 | Lair:3   | Reached ****** piety under Beogh
 21474 | Lair:5   | Reached skill level 17 in Axes
 21609 | Lair:5   | Found a viscous altar of Jiyva.
 21610 | Lair:5   | Found a staircase to the Slime Pits.
 21960 | Lair:6   | Entered Level 6 of the Lair of Beasts
 22275 | Lair:6   | Found a dark tunnel.
 22280 | Volcano  | Entered a volcano
 22527 | Volcano  | Found a bloodstained altar of Trog.
 22557 | Volcano  | Reached XP level 14. HP: 19/126 MP: 22/22
 22557 | Volcano  | HP: 5/126 [molten gargoyle/bolt of magma (14)]
 24137 | Lair:6   | Reached skill level 18 in Axes
 24356 | Lair:6   | Gained Norbak as an ally
 24510 | Lair:6   | Reached skill level 5 in Evocations
 24939 | Lair:6   | Found the +8 demon blade "Bloodbane" {slice, *Rage +Rage
                  | Stlth-}
 25727 | D:12     | Found a shadowy altar of Dithmenos.
 25768 | D:12     | Identified a scroll of acquirement
 25769 | D:12     | Got a faintly glowing copper amulet
 25771 | D:12     | Identified the amulet of Abstinence {Faith Dex+4} (You
                  | acquired it on level 12 of the Dungeon)
 25945 | D:12     | Gained Bogwald as an ally
 26199 | D:12     | You fall into a shaft and drop 1 floor!
 26637 | D:12     | Found a staircase to the Orcish Mines.
 27375 | D:14     | Gained Boderik as an ally
 27520 | D:14     | Reached XP level 15. HP: 136/136 MP: 24/24
 27700 | D:14     | Found a gate to the Vaults.
 28039 | D:14     | Reached skill level 19 in Axes
 28484 | D:15     | Entered Level 15 of the Dungeon
 28530 | D:15     | Got a pair of shimmering boots
 28542 | D:15     | Identified the cursed +0 pair of boots of Voafitzu {+Inv
                  | Dex+4} (You found it on level 15 of the Dungeon)
 29111 | D:15     | Found a staircase to the Depths.
 30367 | D:4      | Bought the ring "Houmn" {rPois rC+ Str+2 SInv} for 486 gold
                  | pieces
 30552 | Swamp:1  | Entered Level 1 of the Swamp
 30749 | Orc:1    | Entered Level 1 of the Orcish Mines
 30857 | Orc:1    | Noticed Maimakterion's ghost (journeyman GrFi)
 30870 | Orc:1    | Found a transporter.
 30878 | Orc:1    | Found a transporter.
 30915 | Orc:1    | Gained Nordag as an ally
 31253 | Orc:1    | Killed Maimakterion's ghost
 31561 | Orc:2    | Entered Level 2 of the Orcish Mines
 31581 | Orc:2    | Noticed Saint Roka
 32098 | Orc:2    | Noticed Maurice
 32100 | Orc:2    | Paralysed by Maurice for 4 turns
 32109 | Orc:2    | Gained Borgun as an ally
 32110 | Orc:2    | Killed Maurice
 32110 | Orc:2    | Gained Borgun as an ally
 32548 | Orc:2    | Reached XP level 16. HP: 100/147 MP: 24/26
 32935 | Orc:2    | Found Hathruiti's Assorted Antiques.
 32936 | Orc:2    | Found Fagi's Food Boutique.
 32942 | Orc:2    | Found Romas's Antique Weapon Emporium.
 32950 | Orc:2    | Found Royr's Assorted Antiques.
 32959 | Orc:2    | Bought a fine war axe for 212 gold pieces
 32962 | Orc:2    | Identified the +7 war axe "Listeami" {chop, Fragile MP+9
                  | Int+4} (You bought it in a shop on level 2 of the Orcish
                  | Mines)
 33106 | Orc:2    | Found a roughly hewn altar of Beogh.
 33120 | Orc:2    | Found a staircase to the Elven Halls.
 33261 | Elf:1    | Entered Level 1 of the Elven Halls
 33526 | Swamp:1  | Reached skill level 5 in Dodging
 33776 | Swamp:1  | Noticed a thorn hunter
 33776 | Swamp:1  | Killed a thorn hunter
 34242 | Swamp:1  | Your ally Norbak died
 34245 | Swamp:1  | Your ally Boderik died
 34880 | Swamp:2  | Reached skill level 15 in Fighting
 35938 | Swamp:3  | Noticed a thorn hunter
 35966 | Swamp:3  | Killed a thorn hunter
 36369 | Swamp:3  | Noticed a thorn hunter
 36379 | Swamp:3  | Killed a thorn hunter
 36904 | Swamp:3  | Reached skill level 20 in Axes
 37677 | Swamp:4  | Entered Level 4 of the Swamp
 37680 | Swamp:4  | Noticed a thorn hunter
 37691 | Swamp:4  | Killed a thorn hunter
 37699 | Swamp:4  | HP: 5/150 [11-headed hydra (18)]
 37699 | Swamp:4  | Mangled by an 11-headed hydra

Levels and vault maps discovered:
D:1:      sevenhm_arrival_forest_fort_large_3, layout_loops_corners,
          skrybe_limestone_x, serial_bayou_pond_d, chequers_hall_statues_y
D:2:      layout_basic, lemuel_round_altar
D:3:      lemuel_castle_with_subvaults [lemuel_castle_interior_carwin_2],
          layout_basic
D:4:      layout_gridville, grunt_temple_overflow_gold_and_silver, serial_shops,
          nicolae_shop_stone, kennysheep_mini, shop, shop, shop_statue,
          nicolae_dithmenos_the_darkroom
D:5:      cheibrodos_barr_body, layout_rooms, lemuel_zombie_altar_yredelemnul,
          lemuel_doored_altar, minmay_temple_entry_nine_rooms, first_ration,
          basic_altar, uniq_ijyb, uniq_blork_the_orc
D:6:      layout_gridville, gammafunk_ghost_mausoleum
D:7:      layout_basic, serial_shops, shop, serial_undead, serial_undead_f,
          serial_undead_f, serial_undead_a, serial_undead_d
D:8:      mumra_celtic_spiral_tile, layout_rooms, uniq_erica
D:9:      layout_irregular_city, marbit_many_paths, serial_shops, shop,
          gammafunk_ghost_cemetery, uniq_pikel, uniq_erolcha
D:10:     layout_basic, erik_lair_orcish_takeover, hangedman_ranch
          [blue_anna_fruit_fields], minmay_misc_feat_square
D:11:     layout_loops_cross, gammafunk_ghost_wrathful_warriors, uniq_sonja
D:12:     layout_basic, hiddenorc1_lemuel, enter_bailey_3, basic_altar,
          uniq_nessos
D:13:     layout_rooms
D:14:     layout_rooms, skrybe_vaults_entry_preservation,
          chequers_serial_rivers_small_b, hangedman_weighted_door
D:15:     grunt_enter_depths_hoard, layout_basic, patterned_corridor
Lair:1:   layout_cave_shapes, grunt_megastairs_3, serial_bayou_shore_a,
          infiniplex_staircase_pool
Lair:2:   minmay_lair_oklob_tunnel, layout_misc_corridors, dummy_spider_entry
Lair:3:   wander_river, layout_chaotic_city, swamp_mist_pool, st_stairs_11,
          roderic_carrion_pond, lemuel_fruit_tree
Lair:4:   layout_gridlike
Lair:5:   layout_long_grid, slime_altar_1, beast_lair_carwin_3,
          minmay_lair_oklob_chamber
Lair:6:   evilmike_catoblepas_cave, layout_regular_city,
          nicolae_volcano_entry_s_turn
Swamp:1:  layout_basic_swamp, hangedman_swamp_blocks
Swamp:2:  layout_basic_swamp, evilmike_swamp_ruin_house_2
Swamp:3:  layout_basic_swamp, evilmike_swamp_ruin_house_3
Swamp:4:  swamp, layout_basic_swamp, swamp_pool3, uniq_bai_suzhen
Orc:1:    layout_diamond_mine, gammafunk_ghost_arena, guppyfry_library_mini
Orc:2:    st_orc_open, layout_caves, basic_altar, uniq_saint_roka, uniq_maurice
Elf:1:    layout_geoelf_octagon, nicolae_trove_entry_columns,
          minmay_elf_sorcery, einodemon_barbed_minivault, uniq_roxanne,
          uniq_louise

Skill      XL: |  1  2  3  4  5  6  7  8  9 10 11 12 13 14 15 16 |
---------------+-------------------------------------------------+-----
Fighting       | 4 5 6 8 9 10 11 12 13 14 15 | 15.6
Axes           | 5 6 7 8 10 11 12 14 16 17 18 19 20 | 20.0
Armour         | 1 2 3 4 5 7 8 9 10 11 12 13 | 13.5
Invocations    | 1 4 6 8 9 11 12 13 14 | 14.1
Shields        | 4 6 7 8 |  8.7
Evocations     | 4 5 7 8 |  8.1
Dodging        | 3 4 6 |  6.7
Stealth        | |  1.5

Action                   |  1- 3 |  4- 6 |  7- 9 | 10-12 | 13-15 | 16-18 || total
-------------------------+-------+-------+-------+-------+-------+-------++-------
Melee: Hand axe          |    65 |   175 |   479 |   663 |   138 |       ||  1520
       Trident           |       |       |    24 |       |       |       ||    24
       Broad axe         |       |       |       |    47 |   782 |    22 ||   851
       War axe           |       |       |       |       |       |   249 ||   249
Invok: Convert to Beogh  |       |       |     1 |       |       |       ||     1
       Recall Orcish Fol |       |       |       |     6 |     5 |     3 ||    14
       Stop Recall       |       |       |       |     2 |     1 |     3 ||     6
       Give Item to Name |       |       |       |       |     4 |       ||     4
       Smiting           |       |       |       |       |     5 |     7 ||    12
  Use: Scroll            |       |     8 |     1 |    19 |     8 |     1 ||    37
       Potion            |       |       |       |     5 |     6 |       ||    11
 Stab: Sleeping          |     2 |       |       |       |       |       ||     2
       Distracted        |       |       |       |     2 |     9 |     2 ||    13
  Eat: Chunk             |     2 |     8 |    15 |    27 |    42 |    16 ||   110
       Ration            |       |       |       |     3 |     2 |     1 ||     6
Armor: Chain mail        |    29 |   105 |   152 |       |   276 |   164 ||   726
       Plate armour      |       |       |   131 |   312 |   137 |       ||   580
Dodge: Dodged            |    35 |    66 |   140 |   145 |   315 |   167 ||   868
       Deflected         |       |       |       |       |    11 |     4 ||    15
Block: Buckler           |       |       |    22 |   131 |   274 |    95 ||   522
